3L
MISSISSIPPI MOCKINGBIRDS @ KINGSTON TOWNSHIP KNIGHTS
08/08/2039
 
TOP OF THE 1ST
Mississippi Mockingbirds batting - Pitching for Kingston Township Knights : RHP Currito Fonseca
Pitching: RHP Currito Fonseca
Batting: RHB Tony Calhoun 0-0: Called Strike
0-1: Ground out 5-3 (Groundball, 5, EV 80.0 MPH)
Batting: LHB Vicente Gonzáles 0-0: Called Strike
0-1: Ground out 1-3 (Groundball, P, EV 68.1 MPH)
Batting: RHB Doug Allerdale 0-0: Ball
1-0: Ball
2-0: Ball
3-0: Called Strike
3-1: Swinging Strike
3-2: Strikes out swinging
Top of the 1st over - 0 runs, 0 hits, 0 errors, 0 left on base; Mississippi 0 - Kingston Township 0
BOTTOM OF THE 1ST
Kingston Township Knights batting - Pitching for Mississippi Mockingbirds : RHP Zaki Fakhiri
Pitching: RHP Zaki Fakhiri
Batting: LHB Tony Goodwin 0-0: Ball
1-0: Ball
2-0: Fly out, F8 (Flyball, 8LS, EV 86.9 MPH)
Batting: RHB Glenn Curtis 0-0: Called Strike
0-1: Called Strike
0-2: Ball
1-2: Strikes out swinging
Batting: RHB Daniel McCoy 0-0: Ball
1-0: Ground out 6-3 (Groundball, 6S, EV 85.0 MPH)
Bottom of the 1st over - 0 runs, 0 hits, 0 errors, 0 left on base; Mississippi 0 - Kingston Township 0
TOP OF THE 2ND
Mississippi Mockingbirds batting - Pitching for Kingston Township Knights : RHP Currito Fonseca
Batting: LHB Dean Jackson 0-0: Ball
1-0: Ball
2-0: Foul Ball, location: 2F
2-1: Ball
3-1: Foul Ball, location: 2F
3-2: Foul Ball, location: 2F
3-2: DOUBLE (Flyball, 8RXD, EV 106.9 MPH)
Batting: RHB Shimei Miura 0-0: Called Strike
0-1: Ball
1-1: Swinging Strike
1-2: Strikes out swinging
Batting: RHB Martín Talia 0-0: Swinging Strike
0-1: Foul Ball, location: 2F
0-2: Ball
1-2: Ball
2-2: Strikes out swinging
Batting: LHB Owen Sharts 0-0: Swinging Strike
0-1: Swinging Strike
0-2: Ground out 1-3 (Groundball, 13, EV 84.4 MPH)
Top of the 2nd over - 0 runs, 1 hit, 0 errors, 1 left on base; Mississippi 0 - Kingston Township 0
BOTTOM OF THE 2ND
Kingston Township Knights batting - Pitching for Mississippi Mockingbirds : RHP Zaki Fakhiri
Batting: LHB Ed Mellor 0-0: Called Strike
0-1: Called Strike
0-2: Foul Ball, location: 2F
0-2: Ball
1-2: Strikes out looking
Batting: RHB Holden Ford 0-0: Ball
1-0: Foul Ball, location: 2F
1-1: Ball
2-1: DOUBLE (Line Drive, 7LS, EV 95.6 MPH)
Batting: RHB Jorge Ozezera 0-0: Ball
1-0: Ground out U3 (Groundball, 3L, EV 93.1 MPH)
Holden Ford to third
Batting: RHB Scott Robertson 0-0: Called Strike
0-1: Ball
1-1: Foul Ball, location: 2F
1-2: Foul Ball, location: 2F
1-2: Ball
2-2: Fly out, F6 (Popup, P, EV 78.8 MPH)
Bottom of the 2nd over - 0 runs, 1 hit, 0 errors, 1 left on base; Mississippi 0 - Kingston Township 0
TOP OF THE 3RD
Mississippi Mockingbirds batting - Pitching for Kingston Township Knights : RHP Currito Fonseca
Batting: RHB Iiri Haapajarvi 0-0: Ball
1-0: Foul Ball, location: 2F
1-1: Bunted foul
1-2: SOLO HOME RUN (Line Drive, 78XD, EV 101.2 MPH), Distance : 470 ft
Batting: LHB Chris Fitzgerald 0-0: Called Strike
0-1: Ground out 6-3 (Groundball, 6, EV 91.2 MPH)
Batting: RHB Tony Calhoun 0-0: Ball
1-0: Foul Ball, location: 2F
1-1: Foul Ball, location: 2F
1-2: Strikes out swinging
Batting: LHB Vicente Gonzáles 0-0: Called Strike
0-1: Ball
1-1: Ground out 4-3 (Groundball, 4, EV 80.0 MPH)
Top of the 3rd over - 1 run, 1 hit, 0 errors, 0 left on base; Mississippi 1 - Kingston Township 0
BOTTOM OF THE 3RD
Kingston Township Knights batting - Pitching for Mississippi Mockingbirds : RHP Zaki Fakhiri
Batting: RHB Daniel Maldonado 0-0: Foul Ball, location: 2F
0-1: Ball
1-1: Foul Ball, location: 2F
1-2: DOUBLE (Groundball, 3L, EV 102.5 MPH)
Batting: RHB Khal Drogo 0-0: Ball
1-0: Called Strike
1-1: Ball
2-1: Swinging Strike
2-2: Foul Ball, location: 2F
2-2: Foul Ball, location: 2F
2-2: Foul Ball, location: 2F
2-2: SINGLE (Groundball, 6MD, EV 99.4 MPH)
Daniel Maldonado to third
Batting: LHB Tony Goodwin 0-0: Fly out, F8 (Flyball, 8RD, EV 104.4 MPH)
Runner from 3rd tags up, SCORES, no throw by CF
Batting: RHB Glenn Curtis 0-0: Ball
1-0: Ball
2-0: Ball
3-0: Called Strike
3-1: SINGLE (Groundball, 34D, EV 97.5 MPH)
Khal Drogo to second
Runner from 2nd tries for 3rd, SAFE, no throw by RF
Batting: RHB Daniel McCoy 0-0: Called Strike
0-1: Ball
1-1: SINGLE (Flyball, 89S, EV 90.6 MPH)
Khal Drogo scores
Glenn Curtis to second
Runner from 2nd tries for 3rd, SAFE, no throw by RF
Batting: LHB Ed Mellor 0-0: Swinging Strike
0-1: Ball
1-1: Ball
2-1: Ball
3-1: Foul Ball, location: 2F
3-2: Base on Balls
Daniel McCoy to second
Batting: RHB Holden Ford 0-0: Called Strike
0-1: Ball
1-1: Ball
2-1: Ball
3-1: Called Strike
3-2: Base on Balls
Glenn Curtis scores
Daniel McCoy to third
Ed Mellor to second
Batting: RHB Jorge Ozezera 0-0: Ball
1-0: Foul Ball, location: 2F
1-1: Ball
2-1: Ball
3-1: Foul Ball, location: 2F
3-2: Strikes out swinging
Batting: RHB Scott Robertson 0-0: Ball
1-0: Called Strike
1-1: Ground out 4-3 (Groundball, 4, EV 98.1 MPH)
Bottom of the 3rd over - 3 runs, 4 hits, 0 errors, 3 left on base; Mississippi 1 - Kingston Township 3
TOP OF THE 4TH
Mississippi Mockingbirds batting - Pitching for Kingston Township Knights : RHP Currito Fonseca
Batting: RHB Doug Allerdale 0-0: Called Strike
0-1: Ball
1-1: Ball
2-1: Called Strike
2-2: Ball
3-2: Foul Ball, location: 2F
3-2: Foul Ball, location: 2F
3-2: Strikes out swinging
Batting: LHB Dean Jackson 0-0: Called Strike
0-1: Ball
1-1: Ball
2-1: Called Strike
2-2: Strikes out swinging
Batting: RHB Shimei Miura 0-0: SINGLE (Line Drive, 89M, EV 96.9 MPH)
Batting: RHB Martín Talia 0-0: Called Strike
0-1: Swinging Strike
0-2: Strikes out looking
Top of the 4th over - 0 runs, 1 hit, 0 errors, 1 left on base; Mississippi 1 - Kingston Township 3
BOTTOM OF THE 4TH
Kingston Township Knights batting - Pitching for Mississippi Mockingbirds : RHP Zaki Fakhiri
Batting: RHB Daniel Maldonado 0-0: Swinging Strike
0-1: Fly out, F9 (Flyball, 9S, EV 93.8 MPH)
Batting: RHB Khal Drogo 0-0: Called Strike
0-1: Ball
1-1: Called Strike
1-2: Ball
2-2: Fly out, F3 (Popup, 3F, EV 66.9 MPH)
Batting: LHB Tony Goodwin 0-0: SINGLE (Groundball, 56D, EV 110.0 MPH)
Batting: RHB Glenn Curtis 0-0: Ball
Tony Goodwin steals 2nd base
1-0: Foul Ball, location: 2F
1-1: Ball
2-1: Ball
3-1: Foul Ball, location: 2F
3-2: Foul Ball, location: 2F
3-2: Fly out, F7 (Flyball, 7S, EV 93.8 MPH)
Bottom of the 4th over - 0 runs, 1 hit, 0 errors, 1 left on base; Mississippi 1 - Kingston Township 3
TOP OF THE 5TH
Mississippi Mockingbirds batting - Pitching for Kingston Township Knights : RHP Currito Fonseca
Batting: LHB Owen Sharts 0-0: Ball
1-0: Ball
2-0: Ball
3-0: Called Strike
3-1: Foul Ball, location: 2F
3-2: SINGLE (Groundball, 56D, EV 108.8 MPH)
Batting: RHB Iiri Haapajarvi 0-0: Ball
1-0: Sac Bunt to 13 - play at first, batter OUT! 1-4
Owen Sharts to second
Batting: LHB Chris Fitzgerald 0-0: SINGLE (Line Drive, 78M, EV 110.6 MPH)
Owen Sharts to third
Batting: RHB Tony Calhoun 0-0: Ball
1-0: Swinging Strike
1-1: Foul Ball, location: 2F
1-2: Fly out, F8 (Flyball, 8LM, EV 91.2 MPH)
Runner from 3rd tags up, SCORES, no throw by CF
Batting: LHB Vicente Gonzáles 0-0: Ball
1-0: Ball
2-0: Ball
3-0: Base on Balls
Chris Fitzgerald to second
Batting: RHB Doug Allerdale 0-0: Ball
1-0: Called Strike
1-1: Ball
2-1: Fly out, F8 (Flyball, 8LD, EV 98.1 MPH)
Top of the 5th over - 1 run, 2 hits, 0 errors, 2 left on base; Mississippi 2 - Kingston Township 3
BOTTOM OF THE 5TH
Kingston Township Knights batting - Pitching for Mississippi Mockingbirds : RHP Zaki Fakhiri
Batting: RHB Daniel McCoy 0-0: Called Strike
0-1: DOUBLE (Line Drive, 89XD, EV 111.2 MPH)
Batting: LHB Ed Mellor 0-0: Called Strike
0-1: Ball
1-1: Ground out 4-3 (Groundball, 4, EV 80.0 MPH)
Daniel McCoy to third
Batting: RHB Holden Ford 0-0: Ball
1-0: Foul Ball, location: 2F
1-1: Foul Ball, location: 2F
1-2: Fly out, F9 (Flyball, 9LS, EV 75.6 MPH)
Batting: RHB Jorge Ozezera 0-0: SINGLE (Flyball, 89S, EV 93.1 MPH)
Daniel McCoy scores
Batting: RHB Scott Robertson 0-0: 2-RUN HOME RUN (Flyball, 78XD, EV 103.8 MPH), Distance : 446 ft
Pitching: RHP Apollo Vermouth
Batting: RHB Daniel Maldonado 0-0: Swinging Strike
0-1: Ball
1-1: Ball
2-1: Called Strike
2-2: Foul Ball, location: 2F
2-2: Strikes out swinging
Bottom of the 5th over - 3 runs, 3 hits, 0 errors, 0 left on base; Mississippi 2 - Kingston Township 6
TOP OF THE 6TH
Mississippi Mockingbirds batting - Pitching for Kingston Township Knights : RHP Currito Fonseca
Batting: LHB Dean Jackson 0-0: SINGLE (Line Drive, 8RS, EV 97.5 MPH)
Batting: RHB Shimei Miura 0-0: Ball
1-0: SINGLE (Groundball, 6MD, EV 96.2 MPH)
Dean Jackson to second
Batting: RHB Martín Talia 0-0: Ball
1-0: Called Strike
1-1: Ball
2-1: Foul Ball, location: 2F
2-2: Foul Ball, location: 2F
2-2: Fly out, F4 (Popup, 4, EV 58.1 MPH)
Batting: LHB Owen Sharts 0-0: Ball
1-0: Ball
2-0: Foul Ball, location: 2F
2-1: Called Strike
2-2: Fielders Choice at 2nd, 1-6 (Groundball, P, EV 93.1 MPH)
Dean Jackson to third
Batting: RHB Iiri Haapajarvi 0-0: Ball
1-0: Ball
2-0: Swinging Strike
2-1: Swinging Strike
2-2: Strikes out looking
Top of the 6th over - 0 runs, 2 hits, 0 errors, 2 left on base; Mississippi 2 - Kingston Township 6
BOTTOM OF THE 6TH
Kingston Township Knights batting - Pitching for Mississippi Mockingbirds : RHP Apollo Vermouth
Batting: RHB Khal Drogo 0-0: Ball
1-0: Called Strike
1-1: Foul Ball, location: 2F
1-2: Ball
2-2: Ball
3-2: Strikes out looking
Batting: LHB Tony Goodwin 0-0: Foul Ball, location: 2F
0-1: Fly out, F2 (Popup, 25F, EV 86.9 MPH)
Batting: RHB Glenn Curtis 0-0: Ball
1-0: Swinging Strike
1-1: Ball
2-1: Ball
3-1: Base on Balls
Batting: RHB Daniel McCoy 0-0: Called Strike
0-1: Foul Ball, location: 2F
0-2: Foul Ball, location: 2F
0-2: Ball
Glenn Curtis is caught stealing 2nd base 2-4
Bottom of the 6th over - 0 runs, 0 hits, 0 errors, 0 left on base; Mississippi 2 - Kingston Township 6
TOP OF THE 7TH
Mississippi Mockingbirds batting - Pitching for Kingston Township Knights : RHP Currito Fonseca
Batting: LHB Chris Fitzgerald 0-0: Ball
1-0: Called Strike
1-1: Ground out U3 (Groundball, 3, EV 106.9 MPH)
Batting: RHB Tony Calhoun 0-0: Foul Ball, location: 2F
0-1: Swinging Strike
0-2: Ball
1-2: Ball
2-2: Strikes out swinging
Batting: LHB Vicente Gonzáles 0-0: Ball
1-0: Foul Ball, location: 2F
1-1: Foul Ball, location: 2F
1-2: Foul Ball, location: 2F
1-2: Ball
2-2: Strikes out swinging
Top of the 7th over - 0 runs, 0 hits, 0 errors, 0 left on base; Mississippi 2 - Kingston Township 6
BOTTOM OF THE 7TH
Kingston Township Knights batting - Pitching for Mississippi Mockingbirds : RHP Apollo Vermouth
Batting: RHB Daniel McCoy 0-0: Ground out 6-3 (Groundball, 6, EV 96.9 MPH)
Batting: LHB Ed Mellor 0-0: Called Strike
0-1: Swinging Strike
0-2: Fly out, F3 (Line Drive, 3, EV 62.5 MPH)
Batting: RHB Holden Ford 0-0: Ball
1-0: Called Strike
1-1: Foul Ball, location: 2F
1-2: SINGLE (Line Drive, 4D, EV 98.8 MPH)
Batting: RHB Jorge Ozezera 0-0: Called Strike
0-1: Foul Ball, location: 2F
0-2: Ball
1-2: Strikes out swinging
Bottom of the 7th over - 0 runs, 1 hit, 0 errors, 1 left on base; Mississippi 2 - Kingston Township 6
TOP OF THE 8TH
Mississippi Mockingbirds batting - Pitching for Kingston Township Knights : RHP Currito Fonseca
Batting: RHB Doug Allerdale 0-0: Ball
1-0: Fly out, F8 (Flyball, 8LD, EV 106.9 MPH)
Batting: LHB Dean Jackson 0-0: Ball
1-0: Foul Ball, location: 2F
1-1: Ball
2-1: Called Strike
2-2: Ball
3-2: Reached via error on a dropped throw from 2B, E3 (Groundball, 34, EV 89.4 MPH)
Pitching: RHP Kevin Pilkington
Batting: RHB Shimei Miura 0-0: Called Strike
0-1: Ball
1-1: Ball
2-1: Fly out, F7 (Flyball, 7LS, EV 93.8 MPH)
Batting: RHB Martín Talia 0-0: Ball
1-0: Hit by Pitch
Dean Jackson to second
Batting: LHB Owen Sharts 0-0: Called Strike
0-1: Swinging Strike
0-2: Foul Ball, location: 2F
0-2: Ball
1-2: Ball
2-2: Ground out 4-3 (Groundball, 34, EV 90.0 MPH)
Top of the 8th over - 0 runs, 0 hits, 1 error, 2 left on base; Mississippi 2 - Kingston Township 6
BOTTOM OF THE 8TH
Kingston Township Knights batting - Pitching for Mississippi Mockingbirds : RHP Apollo Vermouth
Pitching: RHP José Quiñones
Batting: RHB Scott Robertson 0-0: Ball
1-0: Fly out, F7 (Line Drive, 7, EV 99.4 MPH)
Batting: RHB Daniel Maldonado 0-0: Ground out 6-3 (Groundball, 6, EV 86.9 MPH)
Batting: RHB Khal Drogo 0-0: Called Strike
0-1: Ball
1-1: Ball
2-1: Swinging Strike
2-2: Strikes out looking
Bottom of the 8th over - 0 runs, 0 hits, 0 errors, 0 left on base; Mississippi 2 - Kingston Township 6
TOP OF THE 9TH
Mississippi Mockingbirds batting - Pitching for Kingston Township Knights : RHP Kevin Pilkington
Pitching: RHP John Riggleman
Batting: RHB Iiri Haapajarvi 0-0: Ball
1-0: SINGLE (Groundball, 25, EV 76.2 MPH) (infield hit)
Batting: LHB Chris Fitzgerald 0-0: Called Strike
0-1: Ball
1-1: Called Strike
1-2: Foul Ball, location: 2F
1-2: Ball
2-2: Foul Ball, location: 2F
2-2: Ball
3-2: Fly out, F8 (Flyball, 8RD, EV 101.9 MPH)
Batting: RHB Tony Calhoun 0-0: Called Strike
0-1: Ball
1-1: Hit by Pitch
Iiri Haapajarvi to second
Batting: LHB Vicente Gonzáles 0-0: Foul Ball, location: 2F
0-1: Ball
1-1: Grounds into double play, 3-6-3 (Groundball, 3, EV 82.5 MPH)
Top of the 9th over - 0 runs, 1 hit, 0 errors, 1 left on base; Mississippi 2 - Kingston Township 6
Wednesday, July 8th, 2020 - OOTP Baseball 20.8 Build 74